 Dungeon Crawl Stone Soup version 0.31-a0-149-g3fdcc5976a (webtiles) character file.

Game seed: 16799046539415598337

227 DavidChitty2 the Chopper (level 5, 0/47 HPs)
             Began as a Minotaur Fighter on June 7, 2023.
             Slain by a thrashing horror (8 damage)
             ... on level 2 of the Abyss.
             The game lasted 00:03:20 (1965 turns).

DavidChitty2 the Chopper (Minotaur Fighter)         Turns: 1965, Time: 00:03:21

Health: 0/47       AC: 12    Str: 23    XL:     5   Next: 70%
Magic:  4/4        EV:  5    Int:  5    God:
Gold:   80         SH: 13    Dex:  9    Spells: 4/4 levels left

rFire   . . .        a - +0 war axe
rCold   . . .        e - +0 kite shield
rNeg    . . .        h - +0 plate armour
rPois   .            (helmet restricted)
rElec   .            (no cloak)
rCorr   .            (no gloves)
SInv    .            (no boots)
Will    .....        r - amulet of reflection Stlth
                     (no ring)
HPRegen 0.27/turn    (no ring)
MPRegen 0.09/turn

%: reflection
@: no status effects
A: horns 2, retaliatory headbutt
a: no special abilities


You were on level 2 of the Abyss.
You visited 1 branch of the dungeon, and saw 4 of its levels.
You visited the Abyss 1 time.

You collected 80 gold pieces.

Inventory:

Hand Weapons
 a - a +0 war axe (weapon)
Armour
 e - a +0 kite shield (worn)
   (You found it on level 1 of the Dungeon)
 h - a +0 plate armour (worn)
   (You found it on level 1 of the Dungeon)
Jewellery
 r - an amulet of reflection (around neck)
   (You found it on level 3 of the Dungeon)
Wands
 n - a wand of polymorph (8)
   (You found it on level 2 of the Dungeon)
Scrolls
 c - a scroll of enchant armour {unknown}
 f - a scroll of immolation {unknown}
 i - 2 scrolls of identify {unknown}
 j - a scroll of acquirement {unknown}
 k - a scroll of teleportation {unknown}
 l - a scroll of fog {unknown}
 o - a scroll of silence {unknown}
 q - 2 scrolls of poison {unknown}
Potions
 b - a potion of attraction {unknown}
 d - 2 potions of might
 g - 2 potions of degeneration {unknown}
 m - a potion of lignification {unknown}
 p - a potion of berserk rage {unknown}


   Skills:
 + Level 4.7 Fighting
 * Level 5.0 Axes
 + Level 4.7 Armour
 + Level 4.6 Shields


You had 4 spell levels left.
You didn't know any spells.
Your spell library contained the following spells:

 Spells                   Type           Power      Damage    Failure   Level
 Foxfire                  Conj/Fire      0%         2x1d4     100%        1
 Summon Guardian Golem    Hex/Summ       0%         N/A       100%        3
 Vhi's Electric Charge    Tloc/Air       0%         N/A       100%        3
 Arcjolt                  Conj/Air       0%         1d10      100%        5
 Fireball                 Conj/Fire      0%         3d3       100%        5
 Plasma Beam              Fire/Air       0%         2x1d10    100%        6
 Starburst                Conj/Fire      0%         6d3       100%        6
 Orb of Destruction       Conj           0%         9d5       100%        7
 Spellforged Servitor     Conj/Summ      0%         N/A       100%        7


Dungeon Overview and Level Annotations

Branches:
Dungeon (4/15)
 Temple: D:4-7

Altars:
Gozag
Kikubaaqudgha


Innate Abilities, Weirdness & Mutations

You have a pair of horns on your head.
You reflexively headbutt those who attack you in melee.


Message History

A thrashing horror comes into view.
The thrashing horror moves out of view.
You block the thrashing horror's attack.
The thrashing horror tramples you but does no damage.
You block the thrashing horror's attack.
The thrashing horror tramples you but does no damage.
You block the thrashing horror's attack.
The thrashing horror tramples you but does no damage.
You block the thrashing horror's attack.
The thrashing horror completely misses you.
A blizzard demon comes into view.
The blizzard demon shouts!
The blizzard demon waves its arms in wide circles.
The air twists around and strikes you!
The thrashing horror attacks as you move away!
The thrashing horror tramples you.
You block the thrashing horror's attack. x2
The thrashing horror tramples you.
You hold your ground!
The thrashing horror attacks as you move away!
The thrashing horror tramples you but does no damage.
The thrashing horror barely misses you.
You block the thrashing horror's attack.
The thrashing horror tramples you but does no damage.
The thrashing horror attacks as you move away!
You block the thrashing horror's attack.
The thrashing horror tramples you but does no damage.
The thrashing horror tramples you.
You stumble backwards!
The thrashing horror tramples you but does no damage.
The thrashing horror completely misses you.
You slash the thrashing horror!
The thrashing horror tramples you but does no damage.
You block the thrashing horror's attack.
The thrashing horror tramples you.
You hold your ground!
The thrashing horror tramples you.
* * * LOW HITPOINT WARNING * * *
You stumble backwards!
The thrashing horror attacks as you move away!
The thrashing horror tramples you but does no damage.
You block the thrashing horror's attack.
The thrashing horror tramples you!
* * * LOW HITPOINT WARNING * * *
You hold your ground!
The thrashing horror tramples you.
* * * LOW HITPOINT WARNING * * *
You hold your ground!
The thrashing horror attacks as you move away!
You block the thrashing horror's attack.
The thrashing horror tramples you!
* * * LOW HITPOINT WARNING * * *
The thrashing horror tramples you!
You die...

##§# ### .#..#...#
#.§.#..###..#X#...
##.#.#...#.. #.. .
#.#.#..#.# .##.#.#
#.##...#.##...####
#......##..# .#
#..#.#.#..#..#
#X...2#.....#..#
#@.#.##.## ## ##
.......###....#.#.#
#..#.## ##.##.# 2.#
#. #..##. #..# #.
##.# .. # # ## ##


You could see a blizzard demon and a thrashing horror.

Vanquished Creatures
  An orc priest (D:4)
  2 orc wizards (D:3)
  Robin (D:2)
  3 adders
  A worm (D:3)
  2 dart slugs
  16 orcs
  4 bats
  6 endoplasms
  10 goblins
  13 hobgoblins
  3 jackals (D:1)
  5 kobolds
  2 quokkas
  2 ball pythons
  3 frilled lizards
  5 rats
79 creatures vanquished.

Notes
Turn   | Place    | Note
-------+----------+-------------------------------------------
     0 | D:1      | DavidChitty2 the Minotaur Fighter began the quest for the
                  | Orb.
     0 | D:1      | Reached XP level 1. HP: 19/19 MP: 0/0
    57 | D:1      | Reached XP level 2. HP: 27/27 MP: 1/1
    68 | D:1      | Reached skill level 3 in Axes
   462 | D:2      | Found an opulent altar of Gozag.
   564 | D:2      | Reached XP level 3. HP: 33/33 MP: 2/2
   762 | D:2      | Noticed Robin
   811 | D:2      | Killed Robin
   879 | D:2      | Reached XP level 4. HP: 31/38 MP: 3/3
   949 | D:2      | Reached skill level 4 in Axes
  1212 | D:3      | Found an ancient bone altar of Kikubaaqudgha.
  1355 | D:3      | Reached XP level 5. HP: 12/47 MP: 4/4
  1884 | D:4      | Reached skill level 5 in Axes
  1885 | Abyss:2  | Cast into level 2 of the Abyss (orc wizard)
  1934 | Abyss:2  | Noticed a smoke demon
  1947 | Abyss:2  | Noticed a thrashing horror
  1956 | Abyss:2  | Noticed a blizzard demon
  1965 | Abyss:2  | Slain by a thrashing horror

Illustrated notes

Levels and vault maps discovered:
D:1:      amcnicky_arrival_flooded_fountain, layout_basic
D:2:      layout_basic, basic_altar, uniq_robin
D:3:      layout_rooms, kiku_gazebo_pond_becter
D:4:      layout_loops_ring, mainiacjoe_overflow_boulevard, serial_demonic,
          serial_demonic_g, serial_demonic_a, serial_demonic_g,
          serial_demonic_a, serial_demonic_b, serial_demonic_f, minivault_27,
          uniq_pikel, uniq_sigmund
Abyss:2:  base:
Temple

Skill      XL: |  1  2  3  4  5 |
---------------+----------------+-----
Axes           | 3 4 5 |  5.0
Armour         | 4 |  4.7
Shields        | 4 |  4.6
Fighting       | 4 |  4.7

Action                     |  1- 3 |  4- 6 || total
---------------------------+-------+-------++-------
  Melee: War axe           |    90 |    81 ||   171
         Headbutt          |     9 |     8 ||    17
 Armour: Scale mail        |    21 |       ||    21
         Plate armour      |    56 |    75 ||   131
  Dodge: Dodged            |    28 |    18 ||    46
  Block: Buckler           |     5 |       ||     5
         Kite shield       |    34 |    49 ||    83

Table legend: (Time is in decaauts)
 A = Elapsed time spent in this place.
 B = Non-inter-level travel time spent in this place.
 C = Inter-level travel time spent in this place.
 D = Time resting spent in this place.
 E = Time spent auto-exploring this place.
 F = Levels seen in this place.
 G = Mean time per level.
                   A        B        C        D        E       F      G
               +--------+--------+--------+--------+--------+-----+--------+
         Total |   2035 |   1970 |     65 |    134 |   1300 |   5 |  407.0 |
       Dungeon |   1955 |   1890 |     65 |    134 |   1252 |   4 |  488.8 |
         Abyss |     80 |     80 |      0 |      0 |     48 |   1 |   80.0 |
               +--------+--------+--------+--------+--------+-----+--------+

Top non-repeatable levels by time:
     D:2: 759 daAuts
     D:3: 704 daAuts
     D:1: 473 daAuts
 Abyss:2: 80 daAuts
     D:4: 17 daAuts
